 Dungeon Sprint DCSS version 0.27-a0-1158-gaa87e14f67 (webtiles) character file.

Game seed: 1173802181870588573

14514 mhtbhm the Ruinous (level 11, -1/62 HPs)
             Began as a Deep Elf Conjurer on May 15, 2021.
             Was the Champion of Vehumet.
             Killed from afar by a deep elf pyromancer (7 damage)
             ... with a sticky flame
             ... in the Dungeon (Sprint VII: "The Pits").
             The game lasted 00:12:25 (3924 turns).

mhtbhm the Ruinous (Deep Elf Conjurer)              Turns: 3924, Time: 00:12:26

Health: -1/62      AC:  4    Str:  7    XL:     11   Next: 89%
Magic:  11/34      EV: 17    Int: 27    God:    Vehumet [******]
Gold:   8          SH:  0    Dex: 13    Spells: 18/44 levels left

rFire    . . .     SeeInvis +   k - +2 morningstar of the Swamp {flame, rC+ rCorr}
rCold    + . .     Faith    .   (no shield)
rNeg     . . .     Spirit   .   a - +0 robe
rPois    .         Reflect  .   w - +0 helmet
rElec    .         Harm     .   (no cloak)
rCorr    +         Rampage  .   (no gloves)
Will     +....     NoTele   +   q - +0 pair of boots
Stlth    ++........             (no amulet)
HPRegen  0.20/turn              m - +3 ring of strength
MPRegen  0.24/turn              u - ring of see invisible

@: on fire, glowing
A: no striking features
a: Renounce Religion


You were in the Dungeon.
You worshipped Vehumet.
Vehumet was exalted by your worship.
You visited 1 branch You collected 8 gold pieces.

Inventory:

Hand Weapons
 k - the +2 morningstar of the Swamp (weapon) {flame, rC+ rCorr}
   (You found it in the Dungeon)

   It has been specially enchanted to burn those struck by it, causing extra
   injury to most foes and up to half again as much damage against particularly
   susceptible opponents.
   It protects you from cold.
   It protects you from acid and corrosion.
Missiles
 l - 9 poisoned darts (quivered)
Armour
 a - a +0 robe (worn)
 q - a +0 pair of boots (worn)
 w - a +0 helmet (worn)
Jewellery
 m - a +3 ring of strength (left hand)
 n - a +3 ring of dexterity
 u - a ring of see invisible (right hand)
 x - a ring of willpower
Scrolls
 d - 2 scrolls of enchant weapon
 i - 5 scrolls of amnesia
 j - 6 scrolls of identify
 r - 2 scrolls of enchant armour
 s - a scroll of fear
 t - 2 scrolls of fog
 y - a scroll of magic mapping
Potions
 b - 2 potions of invisibility
 c - 3 potions of curing
 e - 3 potions of haste
 f - a potion of magic
 g - 5 potions of berserk rage
 h - 8 potions of heal wounds
 o - 3 potions of might
 p - 2 potions of resistance
Miscellaneous
 v - a box of beasts


   Skills:
 + Level 4.5 Fighting
 + Level 1.8 Maces & Flails
 + Level 10.8 Dodging
 + Level 10.7 Stealth
 + Level 17.0 Spellcasting
 + Level 21.0 Conjurations
 + Level 6.1 Translocations
 + Level 7.4 Fire Magic
 + Level 0.2 Ice Magic
 + Level 8.2 Earth Magic


You had 18 spell levels left.
You knew the following spells:

 Your Spells              Type           Power      Damage    Failure   Level
a - Magic Dart            Conj           100%       1d8       0%          1
b - Searing Ray           Conj           100%       3d7       0%          2
c - Dazzling Flash        Conj/Hex       100%       N/A       1%          3
d - Iskenderun's Mystic   Conj/Tloc      77%        2d15      1%          4
e - Bolt of Magma         Conj/Fire/Erth 36%        4d16      1%          5
f - Hailstorm             Conj/Ice       69%        3d14      1%          4
g - Spellforged Servitor  Conj/Summ      34%        N/A       7%          7

Your spell library contained the following spells:

 Spells                   Type           Power      Damage    Failure   Level
 Fulminant Prism          Conj/Hex       34%        3d16      1%          4


Dungeon Overview and Level Annotations

Branches:
Dungeon (1/1)

Altars:
Ashenzari
Cheibriados
Dithmenos
Elyvilon
Fedhas
Gozag
Hepliaklqana
Kikubaaqudgha
Makhleb
Nemelex Xobeh
Okawaru
Qazlal
Ru
Sif Muna
Trog
Uskayaw
Vehumet
Wu Jian
Xom
Yredelemnul
Zin
The Shining One
Beogh
Jiyva
Lugonu


Message History

Aiming: Searing Ray (safe; 0% risk of failure)
Press: ? - help, Shift-Dir - straight line, f/p - lindwurm
Aim: a lindwurm (heavily wounded, blind, 92% to hit)
The searing ray hits the lindwurm!
The lindwurm is severely wounded. (Press . to maintain the ray.)
The lindwurm breathes flames at you. The blast of flame hits you!!
The searing ray hits the lindwurm!
The lindwurm is almost dead.
The searing ray hits the lindwurm!
You kill the lindwurm!
Vehumet accepts your kill.
You feel your power returning.
Your Spellcasting skill increases to level 17!
Unknown command.
The searing ray hits the guardian mummy.
The guardian mummy is almost destroyed.
You finish channeling your searing ray.
The guardian mummy barely misses you. The guardian mummy hits you!!
* * * LOW HITPOINT WARNING * * *
The deep elf pyromancer casts a spell.
Unknown command.
Casting: Searing Ray (safe; 0% risk of failure)
Confirm with . or Enter, or press ? or * to list all spells.
Aiming: Searing Ray (safe; 0% risk of failure)
Press: ? - help, Shift-Dir - straight line, f - guardian mummy
Aim: a guardian mummy (almost destroyed, 85% to hit)
The searing ray hits the guardian mummy!
You destroy the guardian mummy!
Vehumet accepts your kill.
You feel your power returning. (Press . to maintain the ray.)
You feel extremely nervous for a moment...
Pain shoots through your body!
* * * LOW HITPOINT WARNING * * *
The deep elf pyromancer casts a spell at you.
The sticky flame hits you!
You are covered in liquid flames!
You die...

#..# #..# ####### #☼.# ..##..#
#eE# ..##..# #.E# ..''..# #..#
..''..##########..#
..##....†.......@.#
..##..............#
################### ########
########## ######
.'..'...###........###..†.####
.'..'.....##......##....###..#
##..##....(##....##..#.##....#
#.)..###....#....#.....#.....#
)......###.###..##.#.#.#.....#


You could see a deep elf pyromancer and 2 fire elementals.

Vanquished Creatures
  A nagaraja (D)
  A catoblepas (D)
  An anaconda (D)
  2 shadow wraiths (D)
  A sea snake (D)
  A bog body (D)
  A deep troll (D)
  A lindwurm (D)
  2 orc knights (D)
  3 orc sorcerers (D)
  A manticore (D)
  A cyclops (D)
  Joseph (D)
  A molten gargoyle (D)
  A merfolk siren (D)
  2 unseen horrors (D)
  A kobold demonologist (D)
  A guardian mummy (D)
  A demonic crawler (D)
  A snapping turtle (D)
  A redback (D)
  2 shadows (D)
  A wyvern (D)
  5 yaks (D)
  2 wraiths (D)
  A steam dragon (D)
  2 fire bats (D)
  A warg (D)
  Menkaure (D)
  4 hell hounds (D)
  2 orc warriors (D)
  A necrophage (D)
  An ogre (D)
  6 wolves (D)
  2 kobold brigands (D)
  A scorpion (D)
  2 orc priests (D)
  A jelly (D)
  An iron imp (D)
  Ijyb (D)
  A hell rat (D)
  An iguana (D)
  An orc wizard (D)
  A mummy (D)
  A gnoll (D)
  An adder (D)
  An ufetubus (D)
  A worm (D)
  An adder simulacrum (D)
  5 orcs (D)
  A bat (D)
  A bat skeleton (D)
  3 goblins (D)
  A quokka (D)
  A ball python zombie (D)
  A frilled lizard (D)
  8 kobolds (D)
  A rat (D)
94 creatures vanquished.

Notes
Turn   | Place    | Note
-------+----------+-------------------------------------------
     0 | D        | mhtbhm the Deep Elf Conjurer began the quest for the Orb.
     0 | D        | Reached XP level 1. HP: 10/10 MP: 6/6
    21 | D        | Found a bloodstained altar of Trog.
    21 | D        | Found a shimmering blue altar of Sif Muna.
    21 | D        | Found a viscous altar of Jiyva.
    21 | D        | Found a hazy altar of Hepliaklqana.
    21 | D        | Found an opulent altar of Gozag.
    22 | D        | Found a glowing golden altar of the Shining One.
    22 | D        | Found a glowing silver altar of Zin.
    22 | D        | Found a basalt altar of Yredelemnul.
    22 | D        | Found a shimmering altar of Xom.
    22 | D        | Found an ornate altar of the Wu Jian Council.
    22 | D        | Found a sacrificial altar of Ru.
    22 | D        | Found a stormy altar of Qazlal.
    22 | D        | Found an iron altar of Okawaru.
    22 | D        | Found a sparkling altar of Nemelex Xobeh.
    22 | D        | Found a burning altar of Makhleb.
    22 | D        | Found a blossoming altar of Fedhas.
    22 | D        | Found a white marble altar of Elyvilon.
    22 | D        | Found a shadowy altar of Dithmenos.
    22 | D        | Found a snail-covered altar of Cheibriados.
    24 | D        | Found a radiant altar of Vehumet.
    24 | D        | Found a corrupted altar of Lugonu.
    25 | D        | Found a hide-covered altar of Uskayaw.
    25 | D        | Found an ancient bone altar of Kikubaaqudgha.
    25 | D        | Found a broken altar of Ashenzari.
    34 | D        | Became a worshipper of Vehumet
    79 | D        | Reached skill level 5 in Conjurations
    88 | D        | Reached skill level 6 in Conjurations
    88 | D        | Reached XP level 2. HP: 15/15 MP: 0/8
   163 | D        | Learned a level 2 spell: Searing Ray
   275 | D        | Reached * piety under Vehumet
   275 | D        | Offered knowledge of Sandblast by Vehumet.
   546 | D        | Noticed a scorpion
   558 | D        | Killed a scorpion
   559 | D        | Reached skill level 9 in Conjurations
   559 | D        | Reached XP level 3. HP: 15/19 MP: 3/11
   559 | D        | Reached XP level 4. HP: 19/24 MP: 3/12
   564 | D        | Offered knowledge of Freeze by Vehumet.
   637 | D        | Learned a level 3 spell: Dazzling Flash
   642 | D        | Learned a level 4 spell: Iskenderun's Mystic Blast
   650 | D        | Reached ** piety under Vehumet
   848 | D        | Offered knowledge of Poisonous Vapours by Vehumet.
   945 | D        | Noticed a fire bat
   945 | D        | Noticed Ijyb
   946 | D        | Noticed a necrophage
   953 | D        | Killed a necrophage
   953 | D        | Reached *** piety under Vehumet
   954 | D        | Reached skill level 5 in Spellcasting
   954 | D        | Reached skill level 11 in Conjurations
   954 | D        | Reached XP level 5. HP: 16/28 MP: 10/15
   955 | D        | Killed a fire bat
   956 | D        | Reached skill level 5 in Dodging
   956 | D        | Reached skill level 12 in Conjurations
   956 | D        | Reached XP level 6. HP: 4/33 MP: 9/17
   956 | D        | Killed Ijyb
   957 | D        | Reached skill level 5 in Stealth
   957 | D        | Reached skill level 13 in Conjurations
  1191 | D        | Offered knowledge of Olgreb's Toxic Radiance by Vehumet.
  1289 | D        | Reached **** piety under Vehumet
  1290 | D        | Reached skill level 1 in Fighting
  1396 | D        | Noticed Joseph
  1405 | D        | Killed Joseph
  1405 | D        | Offered knowledge of Bolt of Magma by Vehumet.
  1406 | D        | Reached skill level 15 in Conjurations
  1406 | D        | Reached XP level 7. HP: 29/38 MP: 6/20
  1412 | D        | Learned a level 5 spell: Bolt of Magma
  1493 | D        | Reached ***** piety under Vehumet
  1494 | D        | Reached XP level 8. HP: 41/43 MP: 19/22
  1508 | D        | Noticed a merfolk siren
  1508 | D        | Noticed a kobold demonologist
  1512 | D        | Offered knowledge of Hailstorm by Vehumet.
  1517 | D        | Killed a kobold demonologist
  1518 | D        | Reached skill level 16 in Conjurations
  1518 | D        | Killed a merfolk siren
  1729 | D        | Got the +2 morningstar of the Swamp {flame, rC+ rCorr}
  1794 | D        | Noticed a nagaraja
  1801 | D        | Learned a level 4 spell: Hailstorm
  1813 | D        | Reached skill level 17 in Conjurations
  1814 | D        | Killed a nagaraja
  1814 | D        | Offered knowledge of Lightning Bolt by Vehumet.
  1815 | D        | Reached skill level 18 in Conjurations
  1815 | D        | Reached XP level 9. HP: 6/49 MP: 7/26
  2043 | D        | Noticed a catoblepas
  2045 | D        | Noticed a demonic crawler
  2056 | D        | Noticed a bog body
  2059 | D        | Killed a demonic crawler
  2060 | D        | Reached skill level 1 in Earth Magic
  2072 | D        | Killed a catoblepas
  2073 | D        | Reached skill level 19 in Conjurations
  2073 | D        | Reached skill level 1 in Translocations
  2073 | D        | Reached XP level 10. HP: 56/56 MP: 0/28
  2080 | D        | Noticed an orc sorcerer
  2084 | D        | Killed a bog body
  2085 | D        | Paralysed by an orc sorcerer for 2 turns
  2087 | D        | Killed an orc sorcerer
  2088 | D        | Reached skill level 1 in Maces & Flails
  2088 | D        | Reached skill level 1 in Fire Magic
  2192 | D        | Noticed an orc knight
  2197 | D        | Killed an orc knight
  2198 | D        | Offered knowledge of Fireball by Vehumet.
  2234 | D        | Reached skill level 10 in Stealth
  2255 | D        | HP: 2/56 [something (10)]
  2265 | D        | Reached skill level 10 in Dodging
  2425 | D        | Noticed a molten gargoyle
  2433 | D        | Killed a molten gargoyle
  2639 | D        | Noticed an orc sorcerer
  2643 | D        | Noticed an orc knight
  2645 | D        | Killed an orc sorcerer
  2652 | D        | Offered knowledge of Orb of Destruction by Vehumet.
  2655 | D        | Noticed an orc sorcerer
  2661 | D        | Killed an orc knight
  2661 | D        | Reached ****** piety under Vehumet
  2661 | D        | Killed an orc sorcerer
  2662 | D        | Reached skill level 5 in Earth Magic
  2662 | D        | Reached XP level 11. HP: 61/61 MP: 4/31
  2831 | D        | Reached skill level 20 in Conjurations
  2833 | D        | Offered knowledge of Iron Shot by Vehumet.
  2883 | D        | Noticed Menkaure
  2935 | D        | Killed Menkaure
  2977 | D        | Noticed a deep troll
  2982 | D        | Killed a deep troll
  2983 | D        | Reached skill level 15 in Spellcasting
  3208 | D        | Noticed a sea snake
  3215 | D        | Offered knowledge of Irradiate by Vehumet.
  3217 | D        | Reached skill level 5 in Fire Magic
  3217 | D        | Killed a sea snake
  3223 | D        | Reached skill level 5 in Translocations
  3223 | D        | Killed a shadow wraith
  3227 | D        | Killed a shadow wraith
  3444 | D        | Offered knowledge of Spellforged Servitor by Vehumet.
  3545 | D        | Noticed an anaconda
  3555 | D        | Killed an anaconda
  3735 | D        | Learned a level 7 spell: Spellforged Servitor
  3749 | D        | Reached skill level 21 in Conjurations
  3912 | D        | Noticed a deep elf pyromancer
  3913 | D        | Noticed a lindwurm
  3921 | D        | Killed a lindwurm
  3924 | D        | Killed from afar by a deep elf pyromancer

Illustrated notes

Levels and vault maps discovered:
D:        pitsprint [storerooms_1, entrance_room_1, metal_vault_4, armoury_2,
          mini_pit_1, grid_room_1, main_hall_1, silver_pit, the_coven_1,
          the_vestibule_1, steel_vault_5, golden_pit, hallway_of_sentries,
          crystal_vault_4, iron_vault_1, final_vault]

Skill      XL: |  1  2  3  4  5  6  7  8  9 10 11 |
---------------+----------------------------------+-----
Conjurations   | 6 9 11 12 15 18 19 21 | 21.0
Dodging        | 3 4 5 6 7 9 10 | 10.8
Stealth        | 3 4 5 6 8 10 | 10.7
Spellcasting   | 4 5 6 8 11 12 14 17 | 17.0
Fighting       | 1 2 3 4 |  4.5
Earth Magic    | 1 5 8 |  8.2
Translocations | 1 3 6 |  6.1
Maces & Flails | 1 |  1.8
Fire Magic     | 3 7 |  7.4
Ice Magic      | |  0.2

Action                   |  1- 3 |  4- 6 |  7- 9 | 10-12 || total
-------------------------+-------+-------+-------+-------++-------
Melee: Morningstar       |       |       |     1 |     7 ||     8
 Cast: Magic Dart        |    11 |    16 |     5 |    21 ||    53
       Searing Ray       |     2 |     7 |     9 |    10 ||    28
       Dazzling Flash    |       |       |     2 |     1 ||     3
       Bolt of Magma     |       |       |     3 |    44 ||    47
       Iskenderun's Myst |       |       |     3 |    21 ||    24
       Hailstorm         |       |       |     1 |     3 ||     4
  Use: Potion            |       |       |     8 |     8 ||    16
       Scroll            |       |       |     2 |       ||     2
 Stab: Petrified         |       |       |       |     4 ||     4
Armor: Robe              |     1 |     2 |       |     7 ||    10
Dodge: Dodged            |     8 |    11 |    11 |    28 ||    58

Table legend: (Time is in decaauts)
 A = Elapsed time spent in this place.
 B = Non-inter-level travel time spent in this place.
 C = Inter-level travel time spent in this place.
 D = Time resting spent in this place.
 E = Time spent auto-exploring this place.
 F = Levels seen in this place.
 G = Mean time per level.
                   A        B        C        D        E       F      G
               +--------+--------+--------+--------+--------+-----+--------+
         Total |   3945 |   3945 |      0 |   2950 |     34 |   1 | 3945.0 |
       Dungeon |   3945 |   3945 |      0 |   2950 |     34 |   1 | 3945.0 |
               +--------+--------+--------+--------+--------+-----+--------+

Top non-repeatable levels by time:
       D: 3945 daAuts
